 Dungeon Crawl Stone Soup version 0.30.0-29-ga12c61a403 (webtiles) character file.

Game seed: 8332262373809449150

2275 cdecastro the Grappler (level 9, -2/81 (88) HPs)
             Began as a Troll Fighter on June 3, 2023.
             Slain by a wight
             ... wielding a +4 battleaxe
              (13 damage)
             ... on level 6 of the Dungeon.
             The game lasted 00:07:27 (5069 turns).

cdecastro the Grappler (Troll Fighter)              Turns: 5069, Time: 00:07:28

HP:   -2/81 (88)    AC:  5    Str: 28    XL:     9   Next: 16%
MP:   8/8           EV:  9    Int:  4    God:
Gold: 327           SH:  9    Dex: 11    Spells: 8/8 levels left

rFire   . .          .
                       - Unarmed
rCold   . . .        b - +0 kite shield
rNeg    . . .        a - +0 robe
rPois   .            (helmet restricted)
rElec   .            z - +0 cloak
rCorr   .            (gloves unavailable)
SInv    .            (boots unavailable)
Will    .....        (no amulet)
Stlth   +            (no ring)
HPRegen 1.13/turn    (no ring)
MPRegen 0.11/turn

%: no passive effects
@: drained
A: large, unfitting armour, claws 3, regeneration 1, shaggy fur 1, tough skin 1
a: no special abilities


You were on level 6 of the Dungeon.
You visited 1 branch of the dungeon, and saw 6 of its levels.

You collected 327 gold pieces.

Inventory:

Missiles
 c - 16 poisoned darts (quivered)
 v - 4 javelins
 x - a curare-tipped dart
Armour
 a - a +0 robe (worn)
 b - a +0 kite shield (worn)
 z - a +0 cloak (worn)
Magical Staves
 s - a staff of air
Jewellery
 i - an amulet of magic regeneration
 j - an amulet of faith
 l - a +6 ring of intelligence
Wands
 p - a wand of flame (33)
 B - a wand of polymorph (2)
 C - a wand of charming (14)
Scrolls
 e - 6 scrolls of teleportation {unknown}
 f - 5 scrolls of identify {unknown}
 g - a scroll of noise {unknown}
 k - a scroll of fog {unknown}
 m - a scroll of poison {unknown}
 r - 2 scrolls of enchant armour {unknown}
 w - a scroll of enchant weapon {unknown}
 y - a scroll of fear {unknown}
 A - a scroll of silence {unknown}
Potions
 d - 6 potions of curing {unknown}
 h - 2 potions of brilliance {unknown}
 n - a potion of ambrosia {unknown}
 o - a potion of haste {unknown}
 q - 2 potions of heal wounds {unknown}
 t - 2 potions of attraction {unknown}
 u - a potion of might


   Skills:
 - Level 5.0 Fighting
 + Level 1.8 Armour
 - Level 2.4 Dodging
 - Level 5.0 Shields
 - Level 10.0 Unarmed Combat


You had 8 spell levels left.
You didn't know any spells.
Your spell library contained the following spells:

 Spells                   Type           Power      Damage    Failure   Level
 Freeze                   Ice            0%         1d3       71%         1
 Magic Dart               Conj           0%         1d3       71%         1
 Necrotise                Necr           0%         1d4       71%         1
 Poisonous Vapours        Pois/Air       0%         N/A       85%         2
 Searing Ray              Conj           0%         2d4       85%         2
 Frozen Ramparts          Ice            0%         1d1       97%         3
 Hailstorm                Conj/Ice       0%         3d3       97%         3
 Mephitic Cloud           Conj/Pois/Air  0%         N/A       97%         3
 Ozocubu's Armour         Ice            0%         N/A       97%         3
 Vampiric Draining        Necr           0%         2d6       97%         3
 Fulminant Prism          Conj/Hex       0%         3d5       100%        4
 Agony                    Necr           0%         N/A       100%        5
 Freezing Cloud           Conj/Ice/Air   0%         6-21      100%        5
 Metabolic Englaciation   Hex/Ice        0%         N/A       100%        5
 Simulacrum               Ice/Necr       0%         N/A       100%        6


Dungeon Overview and Level Annotations

Branches:
Dungeon (6/15)
 Temple: D:4-7

Altars:
Ashenzari
Xom


Innate Abilities, Weirdness & Mutations

You are too large for most types of armour.
You have claws for hands.
Your natural rate of healing is unusually fast.
You are covered in fur. (AC +1)
You have tough skin. (AC +1)


Message History

A bullfrog comes into view.
The wight hits you but does no damage. You block the wight's attack.
Unknown command.
The wight attacks as you move away! The wight barely misses you.
The wight hits you from afar with a +5 trident!
You feel drained. The wight attacks as you move away!
The wight hits you with a +4 battleaxe!
You feel drained. The kobold hits you with a +0 club.
The wight attacks as you move away! You block the wight's attack.
You claw the wight!
The wight is severely damaged.
The wight hits you with a +4 battleaxe!
You closely miss the wight.
The wight is severely damaged.
You barely miss the wight.
The wight is severely damaged.
The wight hits you with a +4 battleaxe!
* * * LOW HITPOINT WARNING * * *
You closely miss the wight.
The wight is severely damaged.
The wight hits you with a +4 battleaxe!
* * * LOW HITPOINT WARNING * * *
You scratch the wight.
The wight is almost destroyed.
The wight hits you with a +4 battleaxe!
* * * LOW HITPOINT WARNING * * *
You feel drained.
* * * LOW HITPOINT WARNING * * *
Unknown command.
Press: ? - help, v - describe, . - travel
Here: a wight, wielding a +4 battleaxe and wearing a +0 robe (almost destroyed)
The floor.
Unknown command.
Unknown command.
Okay, then.
Unknown command.
You closely miss the wight.
The wight is almost destroyed.
The wight hits you with a +4 battleaxe!
You die...

.....## ....... ..........
...#.. ....... .........
...... ....... #.......#
...... .......
....KK.###...[.. .........
.. .. #...........
........##..###.
##.........#
....##..##...#..##K#.......#
..#.............@zKz.......#
..#..##.........##z..#...###
..#.............##..####.#
..#.#....#......###...# #
..##.....#......###)..#
.....##..#.......#....#
##...###.#..........###
##...#.............#
###...#.............#


You could see 3 wights and 2 kobolds.

Vanquished Creatures
  Pikel (D:6)
  Sigmund (D:4)
  Menkaure (D:6)
  A water moccasin (D:5)
  A sky beast (D:6)
  An ogre (D:3)
  A centaur (D:5)
  A phantom (D:6)
  Blork the orc (D:6)
  2 kobold brigands
  3 scorpions
  A wight (D:6)
  A howler monkey (D:5)
  An orc priest (D:6)
  A jelly (D:4)
  4 hounds
  2 sleepcaps
  5 iguanas
  3 orc wizards (D:6)
  The ghost of Heads the Conjurer, a weakling DsRe (D:4)
  Robin (D:4)
  9 adders
  An ufetubus (D:5)
  2 dart slugs
  15 orcs
  10 ball pythons
  5 endoplasms
  5 giant cockroaches
  12 hobgoblins
  8 jackals
  11 kobolds
  4 quokkas
  7 bats
  13 goblins
  4 rats
140 creatures vanquished.

Notes
Turn   | Place    | Note
-------+----------+-------------------------------------------
     0 | D:1      | cdecastro the Troll Fighter began the quest for the Orb.
     0 | D:1      | Reached XP level 1. HP: 22/22 MP: 0/0
   206 | D:1      | Reached XP level 2. HP: 29/29 MP: 1/1
   315 | D:1      | Reached skill level 3 in Unarmed Combat
   735 | D:2      | Reached XP level 3. HP: 34/36 MP: 2/2
  1019 | D:2      | Reached skill level 4 in Unarmed Combat
  1291 | D:2      | Reached XP level 4. HP: 42/44 MP: 3/3
  1518 | D:2      | Found a shimmering altar of Xom.
  1591 | D:3      | Noticed an ogre
  1602 | D:3      | Killed an ogre
  1603 | D:3      | Reached skill level 5 in Unarmed Combat
  1603 | D:3      | Reached XP level 5. HP: 50/50 MP: 4/4
  2026 | D:3      | Found a faded altar of an unknown god.
  2373 | D:4      | Found a runed translucent door.
  2374 | D:4      | Noticed Heads's ghost (weakling DsRe)
  2405 | D:4      | Reached skill level 6 in Unarmed Combat
  2456 | D:4      | Noticed Sigmund
  2465 | D:4      | Killed Sigmund
  2466 | D:4      | Reached skill level 7 in Unarmed Combat
  2466 | D:4      | Reached XP level 6. HP: 52/59 MP: 5/5
  2502 | D:4      | Noticed Robin
  2506 | D:4      | Killed Robin
  2645 | D:4      | Reached XP level 7. HP: 66/66 MP: 6/6
  2735 | D:4      | Reached skill level 8 in Unarmed Combat
  3276 | D:4      | Killed Heads's ghost
  3332 | D:5      | Entered Level 5 of the Dungeon
  3550 | D:5      | Reached skill level 9 in Unarmed Combat
  3651 | D:5      | Reached XP level 8. HP: 74/74 MP: 7/7
  4629 | D:5      | Reached skill level 10 in Unarmed Combat
  4727 | D:6      | Noticed Menkaure
  4747 | D:6      | Killed Menkaure
  4821 | D:6      | Found a broken altar of Ashenzari.
  4898 | D:6      | Noticed Pikel
  4900 | D:6      | Noticed Blork the orc
  4911 | D:6      | Killed Pikel
  4912 | D:6      | Reached skill level 5 in Fighting
  4912 | D:6      | Reached XP level 9. HP: 55/88 MP: 8/8
  4953 | D:6      | Killed Blork the orc
  4966 | D:6      | Reached skill level 5 in Shields
  4991 | D:6      | Reached skill level 1 in Armour
  5069 | D:6      | Slain by a wight

Illustrated notes

Levels and vault maps discovered:
D:1:      dpeg_arrival_tiny_c, layout_loops_cross, minmay_split_cup_small
D:2:      minmay_razor_zed, layout_loops_ring, basic_altar
D:3:      layout_loops_ring, shapermc_ecumenical_altar_mp_ritualfount
D:4:      layout_basic, gammafunk_ghost_grave, kennysheep_doodads, uniq_sigmund,
          uniq_robin
D:5:      layout_layer_cave
D:6:      layout_cave_pools, lemuel_round_altar, minmay_temple_entry_nine_rooms,
          uniq_pikel, uniq_menkaure, uniq_blork_the_orc

Skill      XL: |  1  2  3  4  5  6  7  8  9 |
---------------+----------------------------+-----
Unarmed Combat | 3 4 5 7 9 10 | 10.0
Fighting       | 5 |  5.0
Shields        | 4 5 |  5.0
Armour         | 1 |  1.8
Dodging        | |  2.4

Action                     |  1- 3 |  4- 6 |  7- 9 || total
---------------------------+-------+-------+-------++-------
  Melee: Unarmed           |    92 |    94 |   165 ||   351
    Use: Potion            |       |     1 |     1 ||     2
   Stab: Sleeping          |       |       |     1 ||     1
 Armour: Robe              |    27 |    33 |    50 ||   110
  Dodge: Dodged            |    18 |    22 |    53 ||    93
  Block: Kite shield       |    28 |    20 |    66 ||   114
